 Dungeon Sprint DCSS version 0.27.1-3-gb3d3a73c9e (webtiles) character file.

Game seed: 16546416588151047890

3800000 raph the Invulnerable (level 22, -16/254 HPs)
             Began as a Deep Dwarf Warper on Oct 9, 2021.
             Was the Champion of Makhleb.
             Demolished by a meat berserker (36 damage)
             ... in the Dungeon (Sprint VIII: "Arena of Blood").
             The game lasted 00:02:41 (38 turns).

raph the Invulnerable (Deep Dwarf Warper)             Turns: 38, Time: 00:02:41

Health: -16/254    AC:  6    Str: 18    XL:     22   Next: 85%
Magic:  9/53       EV: 31    Int: 14    God:    Makhleb [******]
Gold:   0          SH:  0    Dex: 19    Spells: 75/75 levels left

rFire    . . .     SeeInvis .   j - +∞ Axe of Woe
rCold    . . .     Faith    .   (shield currently unavailable)
rNeg     + . .     Spirit   .   b - +0 leather armour
rPois    .         Reflect  .   (no helmet)
rElec    .         Harm     .   (no cloak)
rCorr    .         Rampage  .   (no gloves)
Will     +++..     NoTele   +   (no boots)
Stlth    ++++++++++             (no amulet)
HPRegen  0.00/turn              k - +30 ring of slaying
MPRegen  0.33/turn              l - +30 ring of slaying

@: hasted, very quick
A: damage resistance, heal wounds, negative energy resistance 1, sense
surroundings 3, no regeneration
a: Heal Wounds, Renounce Religion, Minor Destruction, Lesser Servant of Makhleb,
Major Destruction, Greater Servant of Makhleb


You were in the Dungeon.
You worshipped Makhleb.
Makhleb was exalted by your worship.
You visited 1 branch

Inventory:

Hand Weapons
 a - a +0 hand axe
 j - the +∞ Axe of Woe (weapon)
   (You found it in the Dungeon)
Missiles
 d - a boomerang of dispersal (quivered)
Armour
 b - a +0 leather armour (worn)
Jewellery
 k - a +30 ring of slaying (left hand)
 l - a +30 ring of slaying (right hand)
Scrolls
 c - a scroll of blinking
Potions
 e - a potion of curing
 f - a potion of heal wounds
 h - 2 potions of magic
 i - a potion of berserk rage


   Skills:
 O Level 27 Fighting
 + Level 10.6(12.3) Short Blades
 + Level 11.4(13.3) Long Blades
 O Level 27 Axes
 + Level 9.0 Bows
 + Level 12.5 Crossbows
 O Level 27 Throwing
 O Level 27 Armour
 O Level 27 Dodging
 O Level 27 Stealth
 O Level 27 Spellcasting
 + Level 10.5 Conjurations
 + Level 9.7 Hexes
 + Level 10.5 Summonings
 + Level 12.4 Necromancy
 O Level 27 Translocations
 + Level 10.6 Transmutations
 + Level 10.5 Fire Magic
 + Level 10.7 Ice Magic
 + Level 9.0 Air Magic
 + Level 14.3 Earth Magic
 + Level 9.8 Poison Magic
 O Level 27 Invocations
 + Level 14.4 Evocations


You had 75 spell levels left.
You didn't know any spells.
Your spell library contained the following spells:

 Spells                   Type           Power      Damage    Failure   Level
 Blink                    Tloc           N/A        N/A       0%          2
 Gell's Gravitas          Tloc           38%        N/A       0%          3
 Lesser Beckoning         Tloc           38%        N/A       0%          3
 Teleport Other           Tloc           76%        N/A       0%          3
 Manifold Assault         Tloc           76%        N/A       0%          5


Dungeon Overview and Level Annotations

Branches:
Dungeon (1/1)

Altars:
Makhleb


Innate Abilities, Weirdness & Mutations

You are resistant to damage.
You can heal yourself by infusing magical energy.
You resist negative energy. (rN+)
You passively map a large area around you.
You do not regenerate.


Message History

The bag of meat dies!
The bag of meat is engulfed in blazing flames.
Your Bows skill increases to level 9!
Your Crossbows skill increases to level 12!
Your Necromancy skill increases to level 12!
Your Air Magic skill increases to level 9!
Your Earth Magic skill increases to level 14!
Your Evocations skill increases to level 14!
Unknown command.
Press: ? - help, Shift-Dir - straight line, f - destroyer
Aim: a destroyer, wielding a +9 vorpal great sword and wearing a +200 ring of slaying The bolt of acid hits the destroyer!!!
The destroyer is splashed with acid.
The acid corrodes the destroyer!
The destroyer is lightly damaged.
The destroyer appears out of thin air!
A destroyer comes into view. It is wielding a +9 vorpal great sword.
You are engulfed in blazing flames.
You hear a shout!
The destroyer is engulfed in blazing flames.
The destroyer blinks!
You hear a shout!
The meat berserker is engulfed in blazing flames.
The meat berserker hits you with a +9 battleaxe!!!
* * * LOW HITPOINT WARNING * * *
The meat berserker is engulfed in blazing flames.
The meat berserker hits you with a +9 battleaxe!!
* * * LOW HITPOINT WARNING * * *
You hear a shout! x3
The meat berserker is engulfed in blazing flames.
The sculptor of flesh is engulfed in blazing flames.
The destroyer shouts!
A meat berserker comes into view. It is wielding a +9 battleaxe.
The destroyer appears out of thin air!
A destroyer comes into view. It is wielding a +9 vorpal great sword.
You are engulfed in blazing flames.
* * * LOW HITPOINT WARNING * * *
You hear a shout! x2
The meat berserker is engulfed in blazing flames.
The meat berserker hits you with a +9 battleaxe!!!
You die...

. , #.O...# , , ,,,
** ..... ,#_)<._#,,
.,,, ,
,#.......#.))..#....
*
,..#......))_)......
, ,
.........)###V.....
, ,
..o..###.....V.###.
,, .......#oo.....#
, ,, , , ,
....V.V#o§.....# ,,
, , ,
*,..o..OO@§§§§...o,
, ,, ,
*O#...OO§§§z§.....
*, , ,,
#...o§§○O☼.§... ,, *
, , .#.O.§☼§☼○.....
, ,* , *
#...V.#D..V.... ,
,,, *, ,
,...............* *
, **,
..z..##.#......,,,,
, , ..... .........
, * .#### ...#.....
, ,


You could see an eight-headed meat hydra, 6 destroyers, 2 sculptors of flesh, 7
meat berserkers and 6 bags of meat.

Vanquished Creatures
  2 vampire knights (D)
  11 ogres (D)
  7 two-headed ogres (D)
  33 orcs (D)
  A skeletal warrior (D)
54 creatures vanquished.

Vanquished Creatures (others)
  A two-headed ogre (D)
  3 orcs (D)
4 creatures vanquished.

Grand Total: 58 creatures vanquished

Notes
Turn   | Place    | Note
-------+----------+-------------------------------------------
     0 | D        | Found the +∞ Axe of Woe
     0 | D        | raph the Deep Dwarf Warper began the quest for the Orb.
     0 | D        | Reached XP level 1. HP: 19/19 MP: 3/3
     2 | D        | Noticed a bag of meat
     2 | D        | Noticed a bag of meat
     4 | D        | Became a worshipper of Makhleb the Destroyer
     5 | D        | Noticed a bag of meat
     6 | D        | Noticed a meat berserker
     6 | D        | Noticed a bag of meat
     9 | D        | Killed a bag of meat
     9 | D        | Noticed a bag of meat
    10 | D        | Reached skill level 10 in Fighting
    10 | D        | Reached skill level 10 in Throwing
    10 | D        | Reached XP level 2. HP: 43/43 MP: 3/12
    10 | D        | Reached XP level 3. HP: 50/50 MP: 3/14
    10 | D        | Reached XP level 4. HP: 58/58 MP: 3/15
    10 | D        | Reached XP level 5. HP: 64/64 MP: 3/17
    10 | D        | Reached XP level 6. HP: 73/73 MP: 3/18
    10 | D        | Reached XP level 7. HP: 80/80 MP: 3/20
    10 | D        | Reached XP level 8. HP: 88/88 MP: 3/21
    10 | D        | Gained mutation: You passively map the area around you.
                  | [Deep Dwarf growth]
    10 | D        | Reached XP level 9. HP: 94/94 MP: 3/22
    10 | D        | Reached XP level 10. HP: 103/103 MP: 3/23
    10 | D        | Reached XP level 11. HP: 110/110 MP: 3/24
    10 | D        | Killed a meat berserker
    10 | D        | Reached * piety under Makhleb
    10 | D        | Killed a bag of meat
    10 | D        | Noticed a bag of meat
    11 | D        | Reached XP level 12. HP: 128/128 MP: 3/29
    11 | D        | Reached XP level 13. HP: 135/135 MP: 3/30
    11 | D        | Gained mutation: You resist negative energy. (rN+) [Deep
                  | Dwarf growth]
    11 | D        | Reached XP level 14. HP: 144/144 MP: 3/31
    11 | D        | Killed a bag of meat
    12 | D        | Noticed a bag of meat
    12 | D        | Noticed a bag of meat
    12 | D        | Noticed a bag of meat
    12 | D        | Noticed a bag of meat
    12 | D        | Noticed a bag of meat
    13 | D        | Killed a bag of meat
    13 | D        | Reached ** piety under Makhleb
    13 | D        | Noticed a bag of meat
    13 | D        | Noticed a bag of meat
    14 | D        | Reached skill level 15 in Fighting
    14 | D        | Reached skill level 15 in Throwing
    14 | D        | Reached XP level 15. HP: 122/154 MP: 3/33
    14 | D        | Noticed a meat berserker
    15 | D        | Reached skill level 15 in Spellcasting
    18 | D        | Noticed a large bag of meat
    18 | D        | Noticed a meat berserker
    20 | D        | Reached *** piety under Makhleb
    20 | D        | Noticed a meat berserker
    21 | D        | Reached XP level 16. HP: 171/171 MP: 5/36
    21 | D        | Noticed a large bag of meat
    22 | D        | Reached **** piety under Makhleb
    22 | D        | Killed a meat berserker
    22 | D        | Killed a meat berserker
    22 | D        | Noticed a meat berserker
    23 | D        | Reached XP level 17. HP: 135/188 MP: 6/40
    23 | D        | Gained mutation: You passively map a large area around you.
                  | [Deep Dwarf growth]
    23 | D        | Reached XP level 18. HP: 141/196 MP: 6/41
    23 | D        | Noticed a destroyer
    23 | D        | Noticed a meat berserker
    24 | D        | Noticed a meat berserker
    24 | D        | Noticed a meat berserker
    24 | D        | Noticed a large bag of meat
    24 | D        | Noticed a large bag of meat
    24 | D        | Noticed a meat berserker
    24 | D        | Noticed a destroyer
    24 | D        | Noticed a meat berserker
    24 | D        | Noticed a large bag of meat
    24 | D        | Noticed a large bag of meat
    24 | D        | Noticed a meat berserker
    24 | D        | Noticed a destroyer
    24 | D        | Noticed a large bag of meat
    25 | D        | Noticed a large bag of meat
    26 | D        | Killed a meat berserker
    26 | D        | Reached ***** piety under Makhleb
    26 | D        | Killed a large bag of meat
    26 | D        | Noticed an eight-headed meat hydra
    27 | D        | Reached XP level 19. HP: 199/213 MP: 6/44
    28 | D        | Killed a meat berserker
    28 | D        | Killed a meat berserker
    28 | D        | Killed a meat berserker
    28 | D        | Killed a large bag of meat
    29 | D        | Reached skill level 27 in Axes
    29 | D        | Reached skill level 27 in Armour
    29 | D        | Reached skill level 27 in Dodging
    29 | D        | Reached skill level 27 in Translocations
    29 | D        | Reached XP level 20. HP: 171/232 MP: 7/48
    29 | D        | Killed a meat berserker
    29 | D        | Reached ****** piety under Makhleb
    29 | D        | Killed a meat berserker
    29 | D        | Killed a meat berserker
    29 | D        | Noticed a destroyer
    30 | D        | Reached skill level 27 in Fighting
    30 | D        | Reached skill level 27 in Throwing
    30 | D        | Reached skill level 27 in Spellcasting
    30 | D        | Reached skill level 15 in Stealth
    30 | D        | Reached XP level 21. HP: 134/244 MP: 7/52
    30 | D        | Killed a destroyer
    30 | D        | Killed a large bag of meat
    30 | D        | Killed a destroyer
    30 | D        | Noticed a destroyer
    31 | D        | Reached skill level 27 in Stealth
    31 | D        | Reached skill level 27 in Invocations
    31 | D        | Reached skill level 5 in Short Blades
    31 | D        | Reached skill level 5 in Conjurations
    31 | D        | Reached skill level 5 in Hexes
    31 | D        | Reached skill level 5 in Summonings
    31 | D        | Reached skill level 5 in Transmutations
    31 | D        | Reached skill level 5 in Fire Magic
    31 | D        | Reached skill level 5 in Ice Magic
    31 | D        | Reached skill level 5 in Poison Magic
    32 | D        | Reached skill level 5 in Bows
    32 | D        | Reached skill level 5 in Air Magic
    32 | D        | Reached XP level 22. HP: 185/254 MP: 8/53
    33 | D        | Killed a large bag of meat
    33 | D        | Killed a large bag of meat
    34 | D        | Reached skill level 10 in Long Blades
    34 | D        | Reached skill level 10 in Necromancy
    34 | D        | Killed a large bag of meat
    34 | D        | Noticed a destroyer
    36 | D        | Reached skill level 10 in Short Blades
    36 | D        | Reached skill level 10 in Conjurations
    36 | D        | Reached skill level 10 in Summonings
    36 | D        | Reached skill level 10 in Transmutations
    36 | D        | Reached skill level 10 in Fire Magic
    36 | D        | Reached skill level 10 in Ice Magic
    36 | D        | Killed a large bag of meat
    36 | D        | Killed a large bag of meat
    37 | D        | Noticed a destroyer
    38 | D        | Demolished by a meat berserker

Illustrated notes

Levels and vault maps discovered:
D:        meatsprint

Skill      XL: |  1  2  3  4  5  6  7  8  9 10 11 12 13 14 15 16 17 18 19 20 21 22 |
---------------+-------------------------------------------------------------------+-----
Fighting       | 10 14 15 18 20 23 26 27 | 27.0
Axes           | 12 16 18 20 23 26 27 | 27.0
Throwing       | 10 14 15 17 20 23 26 27 | 27.0
Armour         | 12 16 18 20 23 26 27 | 27.0
Dodging        | 12 16 18 20 23 26 27 | 27.0
Spellcasting   | 9 13 14 16 19 21 24 27 | 27.0
Translocations | 12 16 18 20 24 26 27 | 27.0
Stealth        | 15 27 | 27.0
Invocations    | 21 27 | 27.0
Short Blades   | 6 10 | 10.6
Long Blades    | 7 11 | 11.4
Bows           | 5 9 |  9.0
Crossbows      | 8 12 | 12.5
Conjurations   | 6 10 | 10.5
Hexes          | 6 9 |  9.7
Summonings     | 6 10 | 10.5
Necromancy     | 8 12 | 12.4
Transmutations | 6 10 | 10.6
Fire Magic     | 6 10 | 10.5
Ice Magic      | 6 10 | 10.7
Air Magic      | 5 9 |  9.0
Earth Magic    | 9 14 | 14.3
Poison Magic   | 6 9 |  9.8
Evocations     | 9 14 | 14.4

Action                   |  1- 3 |  4- 6 |  7- 9 | 10-12 | 13-15 | 16-18 | 19-21 | 22-24 || total
-------------------------+-------+-------+-------+-------+-------+-------+-------+-------++-------
Melee: Executioner's axe |     1 |       |       |     1 |     5 |     4 |     4 |     4 ||    19
Throw: Boomerang         |     4 |       |       |       |       |       |       |       ||     4
Invok: Greater Servant o |       |       |       |       |       |       |     1 |       ||     1
       Major Destruction |       |       |       |       |       |       |       |     1 ||     1
  Use: Scroll            |       |       |       |       |       |     1 |       |       ||     1
       Potion            |       |       |       |       |       |       |       |     1 ||     1
Dodge: Dodged            |       |       |       |       |     1 |     3 |       |     2 ||     6
